 Dungeon Crawl Stone Soup version 0.31-a0-229-g1fc7ce93e2 (webtiles) character file.

Game seed: 8428724963309937519

112 promet the Sneak (level 5, -3/32 HPs)
             Began as a Kobold Brigand on July 6, 2023.
             Slain by an orc priest
             ... wielding a +0 whip
              (5 damage)
             ... on level 2 of the Dungeon.
             The game lasted 00:10:01 (2131 turns).

promet the Sneak (Kobold Brigand)                   Turns: 2131, Time: 00:10:05

Health: -3/32      AC:  8    Str: 11    XL:     5   Next: 16%
Magic:  5/5        EV: 11    Int: 12    God:
Gold:   94         SH:  0    Dex: 16    Spells: 4/4 levels left

rFire   . . .        b - +2 dagger
rCold   + . .        (no shield)
rNeg    . . .        q - +1 scale mail {rC+}
rPois   .            (no helmet)
rElec   .            c - +0 cloak
rCorr   .            (no gloves)
SInv    .            (no boots)
Will    .....        (no amulet)
Stlth   +++          (no ring)
HPRegen 0.25/turn    (no ring)
MPRegen 0.09/turn

%: no passive effects
@: on berserk cooldown, slowed, very slow
A: small, no large weapons, nightstalker 3
a: no special abilities


You were on level 2 of the Dungeon.
You visited 1 branch of the dungeon, and saw 2 of its levels.

You collected 94 gold pieces.

Inventory:

Hand Weapons
 a - a +0 mace
 b - a +2 dagger (weapon)
 f - a +0 spear
Missiles
 d - 14 poisoned darts (quivered)
 e - 3 curare-tipped darts
 g - 31 stones
Armour
 c - a +0 cloak (worn)
 l - a +0 robe
 m - a +0 chain mail
 q - a +1 scale mail of cold resistance (worn)
Jewellery
 i - a +6 ring of strength
Potions
 h - a potion of mutation {unknown}
 j - a potion of resistance
 n - a potion of curing {unknown}
 o - a potion of brilliance
 p - a potion of lignification {unknown}


   Skills:
 * Level 3.1 Fighting
 + Level 3.5 Short Blades
 + Level 0.2 Maces & Flails
 + Level 2.4 Throwing
 + Level 1.3 Dodging
 + Level 7.1 Stealth


You had 4 spell levels left.
You didn't know any spells.
Your spell library contained the following spells:

 Spells                   Type           Power      Damage    Failure   Level
 Freeze                   Ice            0%         1d3       91%         1
 Frozen Ramparts          Ice            0%         1d1       99%         3
 Hailstorm                Conj/Ice       0%         3d3       99%         3


Dungeon Overview and Level Annotations

Branches:
Dungeon (2/15)

Altars:


Innate Abilities, Weirdness & Mutations

You are small and have problems with some larger weapons.
You are completely attuned to the shadows.


Message History

The orc wizard is heavily wounded.
The orc wizard hits you with a +2 vampiric dagger.
The orc wizard draws strength from your wounds!
You puncture the orc wizard!
You kill the orc wizard!
Your Stealth skill increases to level 7!
You have reached level 5!
You feel stronger.
You puncture the adder!
You kill the adder!
You puncture the ball python!
You kill the ball python!
The orc wizard gestures at you while chanting.
You resist with some effort.
Items here: ) [ ††.
You barely miss the orc priest.
You are no longer berserk.
You are exhausted.
You feel yourself slow down.
The orc priest mumbles some strange prayers to Beogh against you.
Pain shoots through your body!
You closely miss the orc priest.
The orc priest miscasts a cantrip.
An orc comes into view. It is wielding a +0 short sword.
The orc shouts!
You hit the orc priest.
The orc priest is lightly wounded.
You hear a shout!
The orc priest hits you with a +0 whip.
You barely miss the orc priest.
The orc priest is lightly wounded.
The orc priest hits you but does no damage.
An orc comes into view. It is wielding a +0 short sword.
You closely miss the orc priest.
The orc priest is lightly wounded.
The orc priest invokes the aid of Beogh against you.
Beogh smites you!
* * * LOW HITPOINT WARNING * * *
The orc priest hits you with a +0 whip.
You die... ..# ## .## ## # # #.... # #... # #oo

# #o# # #@## # #..#
#..# #####.# #.#
...#..# #.# #...##
#.# #######...# #.#
.......#.#
####.############.#


You could see an orc priest, an orc wizard and an orc.

Vanquished Creatures
  Terence (D:2)
  An orc wizard (D:2)
  2 adders (D:2)
  3 worms (D:2)
  3 endoplasms
  A giant cockroach (D:1)
  3 hobgoblins
  A quokka (D:1)
  6 ball pythons
  2 bats (D:1)
  2 frilled lizards
  3 goblins
  4 kobolds
  5 rats
37 creatures vanquished.

Notes
Turn   | Place    | Note
-------+----------+-------------------------------------------
     0 | D:1      | promet the Kobold Brigand began the quest for the Orb.
     0 | D:1      | Reached XP level 1. HP: 12/12 MP: 1/1
   701 | D:1      | Reached XP level 2. HP: 18/18 MP: 2/2
  1361 | D:2      | Reached XP level 3. HP: 22/22 MP: 3/3
  1368 | D:2      | Reached skill level 6 in Stealth
  1793 | D:2      | Noticed Terence
  1797 | D:2      | Killed Terence
  1798 | D:2      | Reached XP level 4. HP: 28/28 MP: 4/4
  2124 | D:2      | Reached skill level 7 in Stealth
  2124 | D:2      | Reached XP level 5. HP: 32/32 MP: 5/5
  2131 | D:2      | Slain by an orc priest

Illustrated notes

Levels and vault maps discovered:
D:1:      dpeg_arrival_water_temple_mockup, layout_basic, minmay_statues_item,
          minivault_24, st_stairs_5
D:2:      layout_loops_ring, serial_co_window_serial, co_window_paths_a,
          co_window_corner_a, co_window_paths_b, co_window_cross_1,
          co_window_paths_b, co_window_paths_c, co_window_2corner,
          co_window_of_opportunity_b, co_window_2corner, co_window_broadway_b,
          glass_columns_a, glass_columns_a, uniq_natasha, uniq_terence

Skill      XL: |  1  2  3  4 |
---------------+-------------+-----
Stealth        | 6 7 |  7.1
Short Blades   | 3 |  3.5
Fighting       | 3 |  3.1
Maces & Flails | |  0.2
Throwing       | |  2.4
Dodging        | |  1.3

Action                     |  1- 3 |  4- 6 || total
---------------------------+-------+-------++-------
  Melee: Dagger            |    65 |    19 ||    84
         Mace              |     2 |    10 ||    12
    Use: Scroll            |     3 |       ||     3
         Potion            |       |     1 ||     1
   Stab: Sleeping          |    18 |     1 ||    19
 Armour: Robe              |     2 |       ||     2
         Chain mail        |     5 |       ||     5
         Scale mail        |       |    11 ||    11
  Dodge: Dodged            |    14 |     8 ||    22

Table legend: (Time is in decaauts)
 A = Elapsed time spent in this place.
 B = Non-inter-level travel time spent in this place.
 C = Inter-level travel time spent in this place.
 D = Time resting spent in this place.
 E = Time spent auto-exploring this place.
 F = Levels seen in this place.
 G = Mean time per level.
                   A        B        C        D        E       F      G
               +--------+--------+--------+--------+--------+-----+--------+
         Total |   2120 |   2095 |     25 |    301 |    869 |   2 | 1060.0 |
       Dungeon |   2120 |   2095 |     25 |    301 |    869 |   2 | 1060.0 |
               +--------+--------+--------+--------+--------+-----+--------+

Top non-repeatable levels by time:
     D:1: 1323 daAuts
     D:2: 797 daAuts
